cohdb
Replays
Latest Replays
All Replays
Popular Replays
Top Player Replays
Match Explorer
How It Works
Community
CoH3 Stats
Reddit
Sign in to upload your games and track your stats! →
Sign in with Steam
Match 40185273
Unlisted
Match 40185273
Overview
Messages
Build Orders
End
Pioneer Squad
Construct Infanterie Kompanie
MG 42 Machine Gun Team
MG 42 Machine Gun Team
GrW 34 Mortar Team
Construct Luftwaffe Kompanie
Jäger Squad
Jäger Squad
221 Scout Car
Medical Bunker
Support Elements
Jäger Squad
Wirbelwind Flakpanzer
Selects Breakthrough Battlegroup
Selects Rapid Production
Selects Blitzkrieg
Jäger Squad
Selects Assault Grenadiers
Selects Breakthrough
Selects Incendiary Bombing Run
Incendiary Bombing Run
Marder III M Tank Destroyer
Pioneer Squad
Jäger Squad
Incendiary Bombing Run
Incendiary Bombing Run
Selects Tiger Heavy Tank
Tiger Heavy Tank
Incendiary Bombing Run
Pioneer Squad
Incendiary Bombing Run
Plaka
Begbie
Scharfschütze
Particycles
勞贖
管吃管住牛战士
0
0
Comments
sign in to comment!
No comments posted yet!